Ducks vs Bruins

Created - 16 janvier 2020 at 16:36

Goals
1 2 3 T
Ducks 1 1 1 3
Bruins 0 1 0 1
Shots
1 2 3 T
Ducks 16 11 10 37
Bruins 13 8 11 32

1st period

1. Ducks , Jordan Staal 12 (David Perron 22, Phillip Danault 18) at 13:38

Penalties :
No Penalty

2nd period

2. Bruins , Nolan Patrick 13 (Brady Tkachuk 18, Cam Fowler 20) at 4:14
3. Ducks , Jordan Staal 13 (David Perron 23, Phillip Danault 19) at 15:14

Penalties :
Micheal Ferland (BOS) for Roughing (Minor) at 9:18

3rd period

4. Ducks , Milan Lucic 3 (Jack Hughes 4) at 15:33

Penalties :
Justin Falk (BOS) for Hooking (Minor) at 6:20, Tom Wilson (ANA) for Roughing (Minor) at 15:38

Goalie Stats

Jacob Markstrom (ANA), 31 saves from 32 shots - (0,969), W, 20-11-2, 60:00 minutes
Juuse Saros (BOS), 34 saves from 37 shots - (0,919), L, 18-12-4, 60:00 minutes

Players Stats for Ducks

Player Name              G  A  P  +/- PIM S  H  SB GA TA FO     MP     PP MP  PK MP  
------------------------------------------------------------------------------------
Alexander Edler          0  0  0   1  0   3  0  4  0  0  0/0    26:10   2:28   1:00 
Craig Smith              0  0  0   0  0   1  2  0  0  0  0/0    13:15   0:07   0:00 
David Perron             0  2  2   1  0   3  1  0  1  0  0/0    18:15   1:42   0:38 
Deryk Engelland          0  0  0   0  0   0  0  0  0  0  0/0    20:24   1:30   0:59 
Elias Lindholm           0  0  0   0  0   3  2  1  0  0  15/31  21:21   2:09   0:32 
Jack Hughes              0  1  1   1  0   4  1  0  1  0  0/5     8:02   0:00   0:59 
Jack Johnson             0  0  0   1  0   2  0  1  0  2  0/0    26:10   2:28   1:00 
Jean-Gabriel Pageau      0  0  0   0  0   4  0  0  2  1  3/6    13:03   0:07   0:00 
Jordan Staal             2  0  2   1  0   3  2  0  0  0  9/14   17:36   1:42   0:00 
Mike Green               0  0  0   1  0   0  2  0  0  0  0/0    13:26   0:00   0:00 
Milan Lucic              1  0  1   1  0   2  1  0  0  1  0/0     6:39   0:00   0:00 
Nick Leddy               0  0  0   0  0   0  0  0  0  1  0/0    20:24   1:30   0:59 
Patrik Laine             0  0  0   0  0   5  0  1  3  0  0/5    21:18   2:09   0:50 
Phillip Danault          0  2  2   1  0   3  2  0  1  0  2/3    18:24   1:42   0:59 
Riley Nash               0  0  0   0  0   1  1  1  0  0  0/0    12:10   0:00   0:00 
Scott Mayfield           0  0  0   1  0   0  1  2  0  1  0/0    13:26   0:00   0:00 
Tom Wilson               0  0  0   0  2   2  1  0  0  0  0/0    20:55   2:09   0:00 
Trevor Lewis             0  0  0   1  0   1  0  0  0  0  0/0     7:02   0:07   0:00 

Players Stats for Bruins

Player Name              G  A  P  +/- PIM S  H  SB GA TA FO     MP     PP MP  PK MP  
------------------------------------------------------------------------------------
Anthony Beauvillier      0  0  0  -1  0   0  0  0  0  0  3/4     9:33   0:00   1:27 
Anthony Mantha           0  0  0   0  0   2  2  0  0  3  0/0    22:12   1:02   1:53 
Brady Tkachuk            0  1  1   1  0   3  1  0  2  0  10/17  17:05   0:57   0:50 
Cam Fowler               0  1  1   1  0   2  1  4  0  2  0/0    27:17   1:11   2:33 
Connor Murphy            0  0  0  -1  0   1  3  1  0  1  0/0    22:54   0:48   2:09 
David Backes             0  0  0  -2  0   2  0  0  1  0  0/0    10:55   0:00   0:00 
Derick Brassard          0  0  0   1  0   0  0  2  0  1  0/0    16:15   0:57   0:00 
Ethan Bear               0  0  0  -2  0   0  0  0  0  0  0/0    14:15   1:11   0:22 
Jakob Chychrun           0  0  0  -2  0   2  1  2  1  0  0/0    19:26   0:48   1:43 
Jason Pominville         0  0  0  -1  0   0  0  0  0  0  0/0     7:27   0:00   0:00 
Justin Falk              0  0  0  -1  2   0  4  2  0  0  0/0    14:41   0:00   1:09 
Marcus Kruger            0  0  0   0  0   0  0  0  0  0  0/0     0:42   0:00   0:00 
Maxime Comtois           0  0  0   0  0   0  0  0  0  0  0/0     0:41   0:00   0:00 
Micheal Ferland          0  0  0   0  2   2  5  0  0  0  1/2    20:41   1:02   0:24 
Nolan Patrick            1  0  1   1  0   3  1  1  0  0  1/1    17:16   0:57   0:31 
Ondrej Palat             0  0  0  -2  0   3  0  0  0  0  0/0    10:55   0:00   0:00 
Pat Maroon               0  0  0  -1  0   1  1  0  0  0  0/0     7:27   0:00   0:00 
Ryan Kesler              0  0  0  -2  0   2  0  0  0  0  3/4    12:27   0:00   0:58 
Sean Monahan             0  0  0   0  0   7  0  0  1  0  17/36  22:12   1:02   1:53 
Zach Redmond             0  0  0   1  0   2  3  3  1  1  0/0    21:39   0:00   0:00 

3 Stars

1 - Jordan Staal (ANA)
2 - Jacob Markstrom (ANA)
3 - Phillip Danault (ANA)

Power Play

Ducks - 0 on 2 Attempt(s) - 0,00%
Bruins - 0 on 1 Attempt(s) - 0,00%

Penalty Kill

Ducks - 1 on 1 Attempt(s) - 100,00% - Score 0 goal in Penalty Kill
Bruins - 2 on 2 Attempt(s) - 100,00% - Score 0 goal in Penalty Kill

Team Stat

Ducks - Hits : 16 - Faceoff Wins : 29 - Blocked Shots : 10 - Penalty Minutes : 2
Bruins - Hits : 22 - Faceoff Wins : 35 - Blocked Shots : 15 - Penalty Minutes : 4

Official

Referees : Wes McCauley and Dan O'Halloran
Linesman : Tim Nowak and Shandor Alphonso

Game Notes

1:52 of 2nd period - Ducks goal is going for a video replay. After video review, No Goal. The puck has entered the net after making contact with an attacking player’s stick that is above the height of the crossbar.

Finance

Level 1 -- Attendance: 4722 (78,70%) -- Ticket Income 472 200 $
Level 2 -- Attendance: 4567 (91,34%) -- Ticket Income 274 020 $
Level 3 -- Attendance: 1919 (95,95%) -- Ticket Income 67 165 $
Level 4 -- Attendance: 3584 (89,60%) -- Ticket Income 71 680 $
Luxury Box -- Attendance: 713 (71,30%) -- Ticket Income 142 600 $
Game was played at the Boston Garden.
Total Attendance: 15505 (86,14%)
Total Ticket Income: 1 027 665 $
Other Income: 503 556 $
Total Income: 1 531 221 $

Ducks

5 vs 5 Forward 
   Center                   Left Wing                Right Wing               Time % Phy DF OF 
 1 Elias Lindholm           Patrik Laine             Tom Wilson               40     1   2  2  
 2 Jordan Staal             David Perron             Phillip Danault          30     1   2  2  
 3 Jean-Gabriel Pageau      Craig Smith              Riley Nash               20     1   2  2  
 4 Jack Hughes              Milan Lucic              Trevor Lewis             10     1   2  2  

5 vs 5 Defense 
   Defense                  Defense                                           Time % Phy DF OF 
 1 Alexander Edler          Jack Johnson                                      40     1   2  2  
 2 Nick Leddy               Deryk Engelland                                   30     1   2  2  
 3 Scott Mayfield           Mike Green                                        20     1   2  2  
 4 Alexander Edler          Jack Johnson                                      10     1   2  2  

PowerPlay Forward 
   Center                   Left Wing                Right Wing               Time % Phy DF OF 
 1 Elias Lindholm           Patrik Laine             Tom Wilson               60     1   2  2  
 2 Jordan Staal             David Perron             Phillip Danault          40     1   2  2  

PowerPlay Defense
   Defense                  Defense                                           Time % Phy DF OF 
 1 Alexander Edler          Jack Johnson                                      60     1   2  2  
 2 Nick Leddy               Deryk Engelland                                   40     1   2  2  

Penalty Kill 4 Players Forward 
   Center                   Wing                     Time % Phy DF OF 
 1 Phillip Danault          Tom Wilson               60     1   2  2  
 2 Jean-Gabriel Pageau      David Perron             40     1   2  2  

Penalty Kill 4 Players Defense
   Defense                  Defense                  Time % Phy DF OF 
 1 Alexander Edler          Jack Johnson             60     1   2  2  
 2 Nick Leddy               Deryk Engelland          40     1   2  2  

Penalty Kill - 3 Players Forward 
   Forward                                           Time % Phy DF OF 
 1 Phillip Danault                                   60     1   2  2  
 2 Jean-Gabriel Pageau                               40     1   2  2  

Penalty Kill - 3 Players Defense
   Defense                  Defense                  Time % Phy DF OF 
 1 Alexander Edler          Jack Johnson             60     1   2  2  
 2 Nick Leddy               Deryk Engelland          40     1   2  2  

4 vs 4 Forward 
   Center                   Wing                     Time % Phy DF OF 
 1 Elias Lindholm           Tom Wilson               60     1   2  2  
 2 Patrik Laine             David Perron             40     1   2  2  

4 vs 4 Defense
   Defense                  Defense                  Time % Phy DF OF 
 1 Alexander Edler          Jack Johnson             60     1   2  2  
 2 Nick Leddy               Deryk Engelland          40     1   2  2  

Last Minutes Offensive
   Center                   Left Wing                Right Wing               Defense                  Defense                  
   Elias Lindholm           Patrik Laine             Tom Wilson               Alexander Edler          Jack Johnson             

Last Minutes Defensive
   Center                   Left Wing                Right Wing               Defense                  Defense                  
   Elias Lindholm           Patrik Laine             Tom Wilson               Alexander Edler          Jack Johnson             

Goaltenders
Starting : Jacob Markstrom          
Backup : Cal Petersen             

Extra Forwards
Normal : Jean-Gabriel Pageau, Craig Smith, Jack Hughes - PP : Jean-Gabriel Pageau, Craig Smith - PK : Jack Hughes
Extra Defensemen
Normal : Scott Mayfield, Mike Green, Nick Leddy - PP : Scott Mayfield - PK : Mike Green, Nick Leddy
Penalty Shots
Elias Lindholm, Tom Wilson, Patrik Laine, David Perron, Jordan Staal
Custom OT Lines Forwards
Elias Lindholm, Tom Wilson, Patrik Laine, David Perron, Jordan Staal, Phillip Danault, Jean-Gabriel Pageau, Craig Smith, Jack Hughes, Milan Lucic
Custom OT Lines Defensemen
Alexander Edler, Jack Johnson, Nick Leddy, Deryk Engelland, Scott Mayfield

Scratches
Andrew Poturalski (Healthy), Maxime Lajoie (Healthy)

Bruins

5 vs 5 Forward 
   Center                   Left Wing                Right Wing               Time % Phy DF OF 
 1 Sean Monahan             Anthony Mantha           Micheal Ferland          40     1   2  2  
 2 Brady Tkachuk            Derick Brassard          Nolan Patrick            30     1   2  2  
 3 Ryan Kesler              Ondrej Palat             David Backes             20     1   2  2  
 4 Anthony Beauvillier      Jason Pominville         Pat Maroon               10     1   2  2  

5 vs 5 Defense 
   Defense                  Defense                                           Time % Phy DF OF 
 1 Cam Fowler               Zach Redmond                                      40     1   2  2  
 2 Connor Murphy            Jakob Chychrun                                    30     1   2  2  
 3 Ethan Bear               Justin Falk                                       20     1   2  2  
 4 Cam Fowler               Connor Murphy                                     10     1   2  2  

PowerPlay Forward 
   Center                   Left Wing                Right Wing               Time % Phy DF OF 
 1 Sean Monahan             Anthony Mantha           Micheal Ferland          60     1   2  2  
 2 Brady Tkachuk            Derick Brassard          Nolan Patrick            40     1   2  2  

PowerPlay Defense
   Defense                  Defense                                           Time % Phy DF OF 
 1 Cam Fowler               Ethan Bear                                        60     1   2  2  
 2 Connor Murphy            Jakob Chychrun                                    40     1   2  2  

Penalty Kill 4 Players Forward 
   Center                   Wing                     Time % Phy DF OF 
 1 Sean Monahan             Anthony Mantha           60     1   2  2  
 2 Brady Tkachuk            Micheal Ferland          40     1   2  2  

Penalty Kill 4 Players Defense
   Defense                  Defense                  Time % Phy DF OF 
 1 Cam Fowler               Justin Falk              60     1   2  2  
 2 Connor Murphy            Jakob Chychrun           40     1   2  2  

Penalty Kill - 3 Players Forward 
   Forward                                           Time % Phy DF OF 
 1 Sean Monahan                                      60     1   2  2  
 2 Anthony Mantha                                    40     1   2  2  

Penalty Kill - 3 Players Defense
   Defense                  Defense                  Time % Phy DF OF 
 1 Cam Fowler               Ethan Bear               60     1   2  2  
 2 Connor Murphy            Jakob Chychrun           40     1   2  2  

4 vs 4 Forward 
   Center                   Wing                     Time % Phy DF OF 
 1 Sean Monahan             Anthony Mantha           60     1   2  2  
 2 Brady Tkachuk            Micheal Ferland          40     1   2  2  

4 vs 4 Defense
   Defense                  Defense                  Time % Phy DF OF 
 1 Cam Fowler               Zach Redmond             60     1   2  2  
 2 Connor Murphy            Jakob Chychrun           40     1   2  2  

Last Minutes Offensive
   Center                   Left Wing                Right Wing               Defense                  Defense                  
   Sean Monahan             Anthony Mantha           Micheal Ferland          Cam Fowler               Zach Redmond             

Last Minutes Defensive
   Center                   Left Wing                Right Wing               Defense                  Defense                  
   Sean Monahan             Anthony Mantha           Micheal Ferland          Cam Fowler               Zach Redmond             

Goaltenders
Starting : Juuse Saros              
Backup : Collin Delia             

Extra Forwards
Normal : Maxime Comtois, Marcus Kruger, Ryan Kesler - PP : Maxime Comtois, Marcus Kruger - PK : Ryan Kesler
Extra Defensemen
Normal : Ethan Bear, Justin Falk, Connor Murphy - PP : Ethan Bear - PK : Justin Falk, Connor Murphy
Penalty Shots
Sean Monahan, Anthony Mantha, Brady Tkachuk, Micheal Ferland, Derick Brassard
Custom OT Lines Forwards
Sean Monahan, Anthony Mantha, Brady Tkachuk, Micheal Ferland, Derick Brassard, Nolan Patrick, Ryan Kesler, Ondrej Palat, David Backes, Jason Pominville
Custom OT Lines Defensemen
Cam Fowler, Zach Redmond, Connor Murphy, Jakob Chychrun, Ethan Bear

Scratches
Joel Edmundson (Left Eye Injury), Ryan Bourque (Healthy), Cam Talbot (Healthy)

% Time on Ice - Ducks

Lines # - Real PCT - Wanted PCT - Time Play
Normal Forward
1 - 36% - 40% - 19:20
2 - 29% - 30% - 15:54
3 - 23% - 20% - 12:10
4 - 12% - 10% - 6:39
Normal Defense
1 - 37% - 40% - 19:44
2 - 33% - 30% - 17:55
3 - 25% - 20% - 13:26
4 - 5% - 10% - 2:58
PP Forward
1 - 57% - 60% - 2:16
2 - 43% - 40% - 1:42
PP Defense
1 - 62% - 60% - 2:28
2 - 38% - 40% - 1:30
PK Forward
1 - 100% - 60% - 1:59
2 - 0% - 40% - 0:00
PK Defense
1 - 50% - 60% - 1:00
2 - 50% - 40% - 0:59
PK3 Forward
1 - 0% - 60%
2 - 0% - 40%
PK3 Defense
1 - 0% - 60%
2 - 0% - 40%
44 Forward
1 - 0% - 60%
2 - 0% - 40%
44 Defense
1 - 0% - 60%
2 - 0% - 40%
Last Minute Offensive  - 0:00
Last Minute Defensive  - 0:00
Total
Forward - 60:00
Defense - 60:00

% Time on Ice - Bruins

Lines # - Real PCT - Wanted PCT - Time Play
Normal Forward
1 - 37% - 40% - 20:01
2 - 29% - 30% - 15:40
3 - 20% - 20% - 10:55
4 - 14% - 10% - 7:27
Normal Defense
1 - 41% - 40% - 22:01
2 - 30% - 30% - 16:07
3 - 22% - 20% - 11:44
4 - 8% - 10% - 4:11
PP Forward
1 - 52% - 60% - 1:02
2 - 48% - 40% - 0:57
PP Defense
1 - 60% - 60% - 1:11
2 - 40% - 40% - 0:48
PK Forward
1 - 79% - 60% - 3:08
2 - 21% - 40% - 0:50
PK Defense
1 - 74% - 60% - 2:55
2 - 26% - 40% - 1:03
PK3 Forward
1 - 0% - 60%
2 - 0% - 40%
PK3 Defense
1 - 0% - 60%
2 - 0% - 40%
44 Forward
1 - 0% - 60%
2 - 0% - 40%
44 Defense
1 - 0% - 60%
2 - 0% - 40%
Last Minute Offensive  - 0:00
Last Minute Defensive  - 0:00
Total
Forward - 60:00
Defense - 60:00

Play-by-Play

1st period


0:01 of 1st period - Elias Lindholm wins face-off versus Sean Monahan in neutral zone.
0:04 of 1st period - Snap shot by Patrik Laine.
0:04 of 1st period - Stopped by Juuse Saros without a rebound.
0:05 of 1st period - Elias Lindholm wins face-off versus Sean Monahan in Bruins zone.
0:22 of 1st period - Wrist shot by Patrik Laine.
0:22 of 1st period - Stopped by Juuse Saros with a rebound.
0:36 of 1st period - Snap shot by Sean Monahan.
0:36 of 1st period - Shot Blocked by Alexander Edler.
0:38 of 1st period - Snap shot by Sean Monahan.
0:38 of 1st period - Stopped by Jacob Markstrom without a rebound.
0:39 of 1st period - Brady Tkachuk wins face-off versus Jordan Staal in Ducks zone.
0:44 of 1st period - Wrist shot by Brady Tkachuk.
0:44 of 1st period - Shot Misses the Net.
0:48 of 1st period - Wrist shot by Brady Tkachuk.
0:48 of 1st period - Stopped by Jacob Markstrom with a rebound.
1:04 of 1st period - Deryk Engelland is hit by Pat Maroon and loses puck.
1:31 of 1st period - Snap shot by Jean-Gabriel Pageau.
1:31 of 1st period - Shot Blocked by Justin Falk.
1:49 of 1st period - Micheal Ferland is hit by Jack Hughes and loses puck.
2:02 of 1st period - Wrist shot by Nick Leddy.
2:02 of 1st period - Shot Blocked by Cam Fowler.
2:09 of 1st period - Icing by Zach Redmond.
2:10 of 1st period - Elias Lindholm wins face-off versus Brady Tkachuk in Bruins zone.
2:11 of 1st period - Wrist shot by Patrik Laine.
2:11 of 1st period - Stopped by Juuse Saros with a rebound.
2:13 of 1st period - Snap shot by Tom Wilson.
2:13 of 1st period - Deflect By Patrik Laine.
2:13 of 1st period - Shot Blocked by Derick Brassard.
2:13 of 1st period - Puck is out of play.
2:14 of 1st period - Brady Tkachuk wins face-off versus Patrik Laine in Bruins zone.
2:44 of 1st period - Ondrej Palat is hit by Craig Smith and loses puck.
3:29 of 1st period - Wrist shot by Elias Lindholm.
3:29 of 1st period - Shot Misses the Net.
3:31 of 1st period - Wrist shot by Tom Wilson.
3:31 of 1st period - Shot Blocked by Justin Falk.
3:33 of 1st period - Wrist shot by Elias Lindholm.
3:33 of 1st period - Stopped by Juuse Saros without a rebound.
3:34 of 1st period - Brady Tkachuk wins face-off versus Jack Hughes in Bruins zone.
4:08 of 1st period - Connor Murphy is hit by Elias Lindholm and loses puck.
4:41 of 1st period - Snap shot by Sean Monahan.
4:41 of 1st period - Deflect By Micheal Ferland.
4:41 of 1st period - Shot Misses the Net.
4:41 of 1st period - Puck is out of play.
4:42 of 1st period - Jean-Gabriel Pageau wins face-off versus Sean Monahan in Ducks zone.
4:42 of 1st period - Jean-Gabriel Pageau is hit by Micheal Ferland.
5:12 of 1st period - Wrist shot by David Backes.
5:12 of 1st period - Stopped by Jacob Markstrom without a rebound.
5:13 of 1st period - Ryan Kesler wins face-off versus Elias Lindholm in Ducks zone.
5:18 of 1st period - Snap shot by Ondrej Palat.
5:18 of 1st period - Shot Blocked by Scott Mayfield.
5:30 of 1st period - Ethan Bear is hit by Scott Mayfield and loses puck.
6:50 of 1st period - Jack Johnson is hit by Connor Murphy and loses puck.
7:41 of 1st period - Snap shot by Ryan Kesler.
7:41 of 1st period - Stopped by Jacob Markstrom without a rebound.
7:42 of 1st period - Sean Monahan wins face-off versus Elias Lindholm in Ducks zone.
7:47 of 1st period - Wrist shot by Micheal Ferland.
7:47 of 1st period - Shot Blocked by Jack Johnson.
7:51 of 1st period - Slapshot by Sean Monahan.
7:51 of 1st period - Stopped by Jacob Markstrom without a rebound.
7:52 of 1st period - Sean Monahan wins face-off versus Elias Lindholm in Ducks zone.
7:55 of 1st period - Snap shot by Anthony Mantha.
7:55 of 1st period - Shot Misses the Net.
7:57 of 1st period - Slapshot by Zach Redmond.
7:57 of 1st period - Stopped by Jacob Markstrom without a rebound.
7:58 of 1st period - Brady Tkachuk wins face-off versus Elias Lindholm in Ducks zone.
8:14 of 1st period - Wrist shot by Patrik Laine.
8:14 of 1st period - Shot Misses the Net.
8:24 of 1st period - Phillip Danault is hit by Micheal Ferland and loses puck.
8:31 of 1st period - Snap shot by Micheal Ferland.
8:31 of 1st period - Stopped by Jacob Markstrom with a rebound.
8:48 of 1st period - Icing by Connor Murphy.
8:49 of 1st period - Anthony Beauvillier wins face-off versus Jean-Gabriel Pageau in Bruins zone.
9:14 of 1st period - Icing by Riley Nash.
9:15 of 1st period - Jean-Gabriel Pageau wins face-off versus Sean Monahan in Ducks zone.
10:02 of 1st period - Off-side.
10:03 of 1st period - Brady Tkachuk wins face-off versus Elias Lindholm in neutral zone.
10:18 of 1st period - Elias Lindholm is hit by Justin Falk and loses puck.
11:08 of 1st period - Snap shot by Jack Hughes.
11:08 of 1st period - Stopped by Juuse Saros without a rebound.
11:09 of 1st period - Elias Lindholm wins face-off versus Brady Tkachuk in Bruins zone.
11:36 of 1st period - Snap shot by Jack Hughes.
11:36 of 1st period - Deflect By Milan Lucic.
11:36 of 1st period - Stopped by Juuse Saros without a rebound.
11:37 of 1st period - Brady Tkachuk wins face-off versus Jack Hughes in Bruins zone.
11:42 of 1st period - Snap shot by Jack Hughes.
11:42 of 1st period - Shot Misses the Net.
11:44 of 1st period - Snap shot by Trevor Lewis.
11:44 of 1st period - Stopped by Juuse Saros with a rebound.
11:46 of 1st period - Slapshot by Deryk Engelland.
11:46 of 1st period - Deflect By Jack Hughes.
11:46 of 1st period - Shot Blocked by Nolan Patrick.
11:46 of 1st period - Puck is out of play.
11:47 of 1st period - Brady Tkachuk wins face-off versus Elias Lindholm in Bruins zone.
12:04 of 1st period - Slapshot by Patrik Laine.
12:04 of 1st period - Shot Misses the Net.
12:43 of 1st period - Snap shot by Jack Hughes.
12:43 of 1st period - Stopped by Juuse Saros without a rebound.
12:44 of 1st period - Sean Monahan wins face-off versus Jack Hughes in Bruins zone.
13:09 of 1st period - Ryan Kesler is hit by Mike Green and loses puck.
13:34 of 1st period - Snap shot by Phillip Danault.
13:34 of 1st period - Shot Blocked by Connor Murphy.
13:36 of 1st period - Wrist shot by Phillip Danault.
13:36 of 1st period - Shot Blocked by Jakob Chychrun.
13:38 of 1st period - Snap shot by David Perron.
13:38 of 1st period - Deflect By Jordan Staal.
13:38 of 1st period - Goal by Jordan Staal - Ducks : 1 - Bruins : 0.
13:39 of 1st period - Micheal Ferland wins face-off versus Elias Lindholm in neutral zone.
13:52 of 1st period - Slapshot by Anthony Mantha.
13:52 of 1st period - Deflect By Elias Lindholm.
13:52 of 1st period - Stopped by Jacob Markstrom without a rebound.
13:53 of 1st period - Phillip Danault wins face-off versus Sean Monahan in Ducks zone.
14:38 of 1st period - Wrist shot by David Perron.
14:38 of 1st period - Stopped by Juuse Saros with a rebound.
14:40 of 1st period - Snap shot by Phillip Danault.
14:40 of 1st period - Shot Blocked by Cam Fowler.
14:42 of 1st period - Backhand shot by Jack Johnson.
14:42 of 1st period - Stopped by Juuse Saros without a rebound.
14:43 of 1st period - Sean Monahan wins face-off versus Elias Lindholm in Bruins zone.
15:40 of 1st period - Snap shot by Brady Tkachuk.
15:40 of 1st period - Stopped by Jacob Markstrom without a rebound.
15:41 of 1st period - Sean Monahan wins face-off versus Elias Lindholm in Ducks zone.
15:56 of 1st period - Wrist shot by Patrik Laine.
15:56 of 1st period - Shot Misses the Net.
15:58 of 1st period - Slapshot by Jack Johnson.
15:58 of 1st period - Stopped by Juuse Saros without a rebound.
15:59 of 1st period - Jordan Staal wins face-off versus Brady Tkachuk in Bruins zone.
16:26 of 1st period - Elias Lindholm is hit by Connor Murphy and loses puck.
16:55 of 1st period - Wrist shot by Riley Nash.
16:55 of 1st period - Stopped by Juuse Saros with a rebound.
18:02 of 1st period - Snap shot by Patrik Laine.
18:02 of 1st period - Stopped by Juuse Saros with a rebound.
18:16 of 1st period - Snap shot by Patrik Laine.
18:16 of 1st period - Shot Misses the Net.
18:42 of 1st period - Wrist shot by Derick Brassard.
18:42 of 1st period - Shot Misses the Net.
18:44 of 1st period - Wrist shot by Brady Tkachuk.
18:44 of 1st period - Shot Misses the Net.
18:46 of 1st period - Slapshot by Nolan Patrick.
18:46 of 1st period - Stopped by Jacob Markstrom without a rebound.
18:47 of 1st period - Elias Lindholm wins face-off versus Sean Monahan in Ducks zone.
18:52 of 1st period - Wrist shot by Sean Monahan.
18:52 of 1st period - Stopped by Jacob Markstrom with a rebound.
18:54 of 1st period - Slapshot by Cam Fowler.
18:54 of 1st period - Shot Misses the Net.
18:56 of 1st period - Snap shot by Sean Monahan.
18:56 of 1st period - Stopped by Jacob Markstrom without a rebound.
18:57 of 1st period - Elias Lindholm wins face-off versus Sean Monahan in Ducks zone.
19:18 of 1st period - Snap shot by Anthony Mantha.
19:18 of 1st period - Shot Misses the Net.
19:20 of 1st period - Snap shot by Micheal Ferland.
19:20 of 1st period - Stopped by Jacob Markstrom without a rebound.
19:21 of 1st period - Jordan Staal wins face-off versus Brady Tkachuk in Ducks zone.
19:30 of 1st period - Snap shot by Jordan Staal.
19:30 of 1st period - Shot Blocked by Jakob Chychrun.
19:34 of 1st period - Wrist shot by David Perron.
19:34 of 1st period - Stopped by Juuse Saros without a rebound.
19:35 of 1st period - Elias Lindholm wins face-off versus Sean Monahan in Bruins zone.
19:42 of 1st period - Snap shot by Elias Lindholm.
19:42 of 1st period - Shot Misses the Net.
19:48 of 1st period - Slapshot by Tom Wilson.
19:48 of 1st period - Stopped by Juuse Saros with a rebound.
Goals for this period are 1 for Ducks vs 0 for Bruins.
Shots for this period are 16 for Ducks vs 13 for Bruins.

2nd period


0:01 of 2nd period - Sean Monahan wins face-off versus Elias Lindholm in neutral zone.
0:06 of 2nd period - Patrik Laine is hit by Micheal Ferland and loses puck.
0:11 of 2nd period - Snap shot by Sean Monahan.
0:11 of 2nd period - Stopped by Jacob Markstrom with a rebound.
0:13 of 2nd period - Slapshot by Sean Monahan.
0:13 of 2nd period - Stopped by Jacob Markstrom without a rebound.
0:14 of 2nd period - Brady Tkachuk wins face-off versus Jordan Staal in Ducks zone.
0:21 of 2nd period - Wrist shot by Nolan Patrick.
0:21 of 2nd period - Shot Misses the Net.
0:23 of 2nd period - Snap shot by Brady Tkachuk.
0:23 of 2nd period - Shot Misses the Net.
0:25 of 2nd period - Snap shot by Nolan Patrick.
0:25 of 2nd period - Stopped by Jacob Markstrom with a rebound.
0:29 of 2nd period - Slapshot by Derick Brassard.
0:29 of 2nd period - Shot Misses the Net.
0:39 of 2nd period - Micheal Ferland is hit by Tom Wilson and loses puck.
1:48 of 2nd period - Wrist shot by Phillip Danault.
1:48 of 2nd period - Stopped by Juuse Saros with a rebound.
1:50 of 2nd period - Wrist shot by David Perron.
1:50 of 2nd period - Shot Blocked by Derick Brassard.
1:52 of 2nd period - Wrist shot by Jordan Staal.
1:52 of 2nd period - Ducks goal is going for a video replay.
1:52 of 2nd period - The goal is refused. The puck has entered the net after making contact with an attacking player’s stick that is above the height of the crossbar..
1:53 of 2nd period - Sean Monahan wins face-off versus Patrik Laine in Bruins zone.
2:00 of 2nd period - Elias Lindholm is hit by Anthony Mantha and loses puck.
2:16 of 2nd period - Icing by Alexander Edler.
2:17 of 2nd period - Jordan Staal wins face-off versus Brady Tkachuk in Ducks zone.
2:32 of 2nd period - Snap shot by David Perron.
2:32 of 2nd period - Shot Hit the Post.
2:54 of 2nd period - Snap shot by Anthony Mantha.
2:54 of 2nd period - Stopped by Jacob Markstrom without a rebound.
2:55 of 2nd period - Ryan Kesler wins face-off versus Patrik Laine in Ducks zone.
3:28 of 2nd period - Nick Leddy is hit by Justin Falk and loses puck.
4:14 of 2nd period - Wrist shot by Nolan Patrick.
4:14 of 2nd period - Goal by Nolan Patrick - Ducks : 1 - Bruins : 1.
4:15 of 2nd period - Elias Lindholm wins face-off versus Sean Monahan in neutral zone.
4:42 of 2nd period - Brady Tkachuk is hit by Craig Smith and loses puck.
5:29 of 2nd period - Snap shot by David Perron.
5:29 of 2nd period - Shot Blocked by Zach Redmond.
5:31 of 2nd period - Snap shot by Jordan Staal.
5:31 of 2nd period - Shot Blocked by Cam Fowler.
5:33 of 2nd period - Wrist shot by Alexander Edler.
5:33 of 2nd period - Shot Misses the Net.
5:55 of 2nd period - Snap shot by Sean Monahan.
5:55 of 2nd period - Shot Misses the Net.
6:15 of 2nd period - Snap shot by Craig Smith.
6:15 of 2nd period - Deflect By Jean-Gabriel Pageau.
6:15 of 2nd period - Stopped by Juuse Saros without a rebound.
6:16 of 2nd period - Sean Monahan wins face-off versus Jordan Staal in Bruins zone.
6:16 of 2nd period - Sean Monahan is hit by Phillip Danault.
6:22 of 2nd period - Anthony Mantha is hit by Mike Green and loses puck.
6:42 of 2nd period - David Backes is hit by Elias Lindholm and loses puck.
7:10 of 2nd period - Icing by Jean-Gabriel Pageau.
7:11 of 2nd period - Sean Monahan wins face-off versus Jean-Gabriel Pageau in Ducks zone.
7:36 of 2nd period - Elias Lindholm is hit by Justin Falk and loses puck.
9:05 of 2nd period - Slapshot by Patrik Laine.
9:05 of 2nd period - Stopped by Juuse Saros with a rebound.
9:07 of 2nd period - Slapshot by Alexander Edler.
9:07 of 2nd period - Stopped by Juuse Saros with a rebound.
9:09 of 2nd period - Wrist shot by Tom Wilson.
9:09 of 2nd period - Stopped by Juuse Saros without a rebound.
9:10 of 2nd period - Sean Monahan wins face-off versus Jordan Staal in Bruins zone.
9:18 of 2nd period - Minor Penalty to Micheal Ferland for Roughing.
9:19 of 2nd period - Elias Lindholm wins face-off versus Sean Monahan in Bruins zone.
10:24 of 2nd period - Jordan Staal is hit by Connor Murphy and loses puck.
11:18 of 2nd period - Penalty to Micheal Ferland is over, Micheal Ferland is back on ice.
11:25 of 2nd period - Jack Johnson is hit by Zach Redmond and loses puck.
11:40 of 2nd period - Derick Brassard is hit by Milan Lucic and loses puck.
13:08 of 2nd period - Anthony Beauvillier is hit by Jordan Staal and loses puck.
13:16 of 2nd period - Icing by Anthony Beauvillier.
13:17 of 2nd period - Anthony Beauvillier wins face-off versus Jean-Gabriel Pageau in Bruins zone.
13:24 of 2nd period - Wrist shot by Jason Pominville.
13:24 of 2nd period - Shot Blocked by Riley Nash.
13:30 of 2nd period - Backhand shot by Jean-Gabriel Pageau.
13:30 of 2nd period - Stopped by Juuse Saros with a rebound.
13:54 of 2nd period - Ondrej Palat is hit by Jordan Staal.
14:14 of 2nd period - Snap shot by Brady Tkachuk.
14:14 of 2nd period - Deflect By Elias Lindholm.
14:14 of 2nd period - Stopped by Jacob Markstrom without a rebound.
14:15 of 2nd period - Jean-Gabriel Pageau wins face-off versus Sean Monahan in Ducks zone.
14:40 of 2nd period - Patrik Laine is hit by Zach Redmond.
15:12 of 2nd period - Slapshot by Jordan Staal.
15:12 of 2nd period - Shot Misses the Net.
15:14 of 2nd period - Snap shot by David Perron.
15:14 of 2nd period - Deflect By Jordan Staal.
15:14 of 2nd period - Goal by Jordan Staal - Ducks : 2 - Bruins : 1.
15:15 of 2nd period - Elias Lindholm wins face-off versus Sean Monahan in neutral zone.
15:41 of 2nd period - Nolan Patrick is hit by David Perron and loses puck.
16:14 of 2nd period - Snap shot by David Backes.
16:14 of 2nd period - Shot Misses the Net.
16:23 of 2nd period - Off-side.
16:24 of 2nd period - Sean Monahan wins face-off versus Jack Hughes in neutral zone.
16:29 of 2nd period - Snap shot by Anthony Mantha.
16:29 of 2nd period - Deflect By Micheal Ferland.
16:29 of 2nd period - Shot Misses the Net.
16:29 of 2nd period - Puck is out of play.
16:30 of 2nd period - Sean Monahan wins face-off versus Jack Hughes in Ducks zone.
16:37 of 2nd period - Slapshot by Sean Monahan.
16:37 of 2nd period - Stopped by Jacob Markstrom without a rebound.
16:38 of 2nd period - Sean Monahan wins face-off versus Elias Lindholm in Ducks zone.
16:39 of 2nd period - Snap shot by Anthony Mantha.
16:39 of 2nd period - Shot Blocked by Patrik Laine.
17:38 of 2nd period - Slapshot by Alexander Edler.
17:38 of 2nd period - Shot Misses the Net.
17:40 of 2nd period - Slapshot by Alexander Edler.
17:40 of 2nd period - Stopped by Juuse Saros with a rebound.
17:42 of 2nd period - Slapshot by Alexander Edler.
17:42 of 2nd period - Shot Blocked by Cam Fowler.
17:44 of 2nd period - Slapshot by Jack Johnson.
17:44 of 2nd period - Shot Misses the Net.
18:20 of 2nd period - Wrist shot by Pat Maroon.
18:20 of 2nd period - Stopped by Jacob Markstrom without a rebound.
18:21 of 2nd period - Anthony Beauvillier wins face-off versus Jordan Staal in Ducks zone.
18:54 of 2nd period - Tom Wilson is hit by Micheal Ferland and loses puck.
19:13 of 2nd period - Snap shot by Craig Smith.
19:13 of 2nd period - Stopped by Juuse Saros with a rebound.
19:15 of 2nd period - Slapshot by Deryk Engelland.
19:15 of 2nd period - Shot Misses the Net.
19:35 of 2nd period - Snap shot by Jack Hughes.
19:35 of 2nd period - Shot Misses the Net.
19:37 of 2nd period - Snap shot by Jack Hughes.
19:37 of 2nd period - Stopped by Juuse Saros without a rebound.
19:38 of 2nd period - Sean Monahan wins face-off versus Elias Lindholm in Bruins zone.
Goals for this period are 1 for Ducks vs 1 for Bruins.
Shots for this period are 11 for Ducks vs 8 for Bruins.

3rd period


0:01 of 3rd period - Elias Lindholm wins face-off versus Micheal Ferland in neutral zone.
0:35 of 3rd period - Snap shot by Phillip Danault.
0:35 of 3rd period - Stopped by Juuse Saros without a rebound.
0:36 of 3rd period - Jordan Staal wins face-off versus Sean Monahan in Bruins zone.
1:38 of 3rd period - Slapshot by Patrik Laine.
1:38 of 3rd period - Shot Blocked by Zach Redmond.
3:08 of 3rd period - Wrist shot by Elias Lindholm.
3:08 of 3rd period - Stopped by Juuse Saros without a rebound.
3:09 of 3rd period - Jordan Staal wins face-off versus Sean Monahan in Bruins zone.
3:18 of 3rd period - Slapshot by David Perron.
3:18 of 3rd period - Stopped by Juuse Saros without a rebound.
3:19 of 3rd period - Jordan Staal wins face-off versus Sean Monahan in Bruins zone.
3:37 of 3rd period - Snap shot by Phillip Danault.
3:37 of 3rd period - Stopped by Juuse Saros with a rebound.
3:39 of 3rd period - Slapshot by Nick Leddy.
3:39 of 3rd period - Deflect By David Perron.
3:39 of 3rd period - Shot Blocked by Zach Redmond.
3:39 of 3rd period - Puck is out of play.
3:40 of 3rd period - Brady Tkachuk wins face-off versus Patrik Laine in Bruins zone.
3:55 of 3rd period - Snap shot by Nolan Patrick.
3:55 of 3rd period - Shot Misses the Net.
4:34 of 3rd period - Wrist shot by David Backes.
4:34 of 3rd period - Stopped by Jacob Markstrom without a rebound.
4:35 of 3rd period - Brady Tkachuk wins face-off versus Elias Lindholm in Ducks zone.
4:38 of 3rd period - Snap shot by Derick Brassard.
4:38 of 3rd period - Shot Misses the Net.
4:40 of 3rd period - Snap shot by Derick Brassard.
4:40 of 3rd period - Shot Blocked by Alexander Edler.
4:42 of 3rd period - Slapshot by Zach Redmond.
4:42 of 3rd period - Deflect By Elias Lindholm.
4:42 of 3rd period - Stopped by Jacob Markstrom with a rebound.
4:44 of 3rd period - Slapshot by Cam Fowler.
4:44 of 3rd period - Stopped by Jacob Markstrom without a rebound.
4:45 of 3rd period - Elias Lindholm wins face-off versus Brady Tkachuk in Ducks zone.
4:54 of 3rd period - Snap shot by Derick Brassard.
4:54 of 3rd period - Shot Misses the Net.
4:56 of 3rd period - Slapshot by Zach Redmond.
4:56 of 3rd period - Deflect By Nolan Patrick.
4:56 of 3rd period - Shot Blocked by Alexander Edler.
4:56 of 3rd period - Puck is out of play.
4:57 of 3rd period - Sean Monahan wins face-off versus Patrik Laine in Ducks zone.
5:06 of 3rd period - Snap shot by Alexander Edler.
5:06 of 3rd period - Deflect By Anthony Mantha.
5:06 of 3rd period - Stopped by Juuse Saros with a rebound.
5:22 of 3rd period - Phillip Danault is hit by Zach Redmond.
5:23 of 3rd period - Icing by Phillip Danault.
5:24 of 3rd period - Jordan Staal wins face-off versus Brady Tkachuk in Ducks zone.
5:24 of 3rd period - Jordan Staal is hit by Nolan Patrick.
5:38 of 3rd period - Brady Tkachuk is hit by Phillip Danault.
5:50 of 3rd period - Patrik Laine is hit by Anthony Mantha and loses puck.
6:13 of 3rd period - Slapshot by Ondrej Palat.
6:13 of 3rd period - Stopped by Jacob Markstrom with a rebound.
6:15 of 3rd period - Slapshot by Zach Redmond.
6:15 of 3rd period - Shot Blocked by Alexander Edler.
6:20 of 3rd period - Minor Penalty to Justin Falk for Hooking.
6:21 of 3rd period - Sean Monahan wins face-off versus Elias Lindholm in Bruins zone.
7:11 of 3rd period - Tom Wilson is hit by Micheal Ferland and loses puck.
7:28 of 3rd period - Jack Johnson is hit by Jakob Chychrun and loses puck.
8:10 of 3rd period - Icing by Alexander Edler.
8:11 of 3rd period - Nolan Patrick wins face-off versus Elias Lindholm in Ducks zone.
8:20 of 3rd period - Penalty to Justin Falk is over, Justin Falk is back on ice.
8:28 of 3rd period - Snap shot by Jean-Gabriel Pageau.
8:28 of 3rd period - Stopped by Juuse Saros with a rebound.
8:32 of 3rd period - Slapshot by Jean-Gabriel Pageau.
8:32 of 3rd period - Stopped by Juuse Saros without a rebound.
8:33 of 3rd period - Jordan Staal wins face-off versus Sean Monahan in Bruins zone.
9:17 of 3rd period - Riley Nash is hit by Justin Falk and loses puck.
9:40 of 3rd period - Snap shot by Elias Lindholm.
9:40 of 3rd period - Stopped by Juuse Saros without a rebound.
9:41 of 3rd period - Jordan Staal wins face-off versus Sean Monahan in Bruins zone.
10:09 of 3rd period - Snap shot by Ondrej Palat.
10:09 of 3rd period - Deflect By Ryan Kesler.
10:09 of 3rd period - Shot Misses the Net.
10:09 of 3rd period - Puck is out of play.
10:10 of 3rd period - Elias Lindholm wins face-off versus Ryan Kesler in Ducks zone.
10:50 of 3rd period - Sean Monahan is hit by Riley Nash and loses puck.
11:27 of 3rd period - Slapshot by Cam Fowler.
11:27 of 3rd period - Stopped by Jacob Markstrom without a rebound.
11:28 of 3rd period - Elias Lindholm wins face-off versus Anthony Beauvillier in Ducks zone.
13:02 of 3rd period - Wrist shot by Pat Maroon.
13:02 of 3rd period - Shot Blocked by Elias Lindholm.
13:04 of 3rd period - Snap shot by Anthony Beauvillier.
13:04 of 3rd period - Shot Misses the Net.
13:11 of 3rd period - Icing by Nick Leddy.
13:12 of 3rd period - Sean Monahan wins face-off versus Phillip Danault in Ducks zone.
14:28 of 3rd period - Slapshot by Ondrej Palat.
14:28 of 3rd period - Stopped by Jacob Markstrom with a rebound.
14:30 of 3rd period - Wrist shot by Ondrej Palat.
14:30 of 3rd period - Shot Misses the Net.
14:32 of 3rd period - Slapshot by Jakob Chychrun.
14:32 of 3rd period - Stopped by Jacob Markstrom with a rebound.
14:34 of 3rd period - Snap shot by Ondrej Palat.
14:34 of 3rd period - Stopped by Jacob Markstrom with a rebound.
14:36 of 3rd period - Wrist shot by Ryan Kesler.
14:36 of 3rd period - Stopped by Jacob Markstrom with a rebound.
14:38 of 3rd period - Snap shot by Ryan Kesler.
14:38 of 3rd period - Shot Misses the Net.
14:40 of 3rd period - Slapshot by Connor Murphy.
14:40 of 3rd period - Stopped by Jacob Markstrom without a rebound.
14:41 of 3rd period - Elias Lindholm wins face-off versus Sean Monahan in Ducks zone.
14:50 of 3rd period - Snap shot by Anthony Mantha.
14:50 of 3rd period - Shot Misses the Net.
14:52 of 3rd period - Wrist shot by Anthony Mantha.
14:52 of 3rd period - Shot Blocked by Scott Mayfield.
14:54 of 3rd period - Snap shot by Micheal Ferland.
14:54 of 3rd period - Shot Misses the Net.
14:56 of 3rd period - Slapshot by Jakob Chychrun.
14:56 of 3rd period - Stopped by Jacob Markstrom with a rebound.
15:31 of 3rd period - Slapshot by Milan Lucic.
15:31 of 3rd period - Deflect By Jack Hughes.
15:31 of 3rd period - Stopped by Juuse Saros with a rebound.
15:33 of 3rd period - Snap shot by Milan Lucic.
15:33 of 3rd period - Goal by Milan Lucic - Ducks : 3 - Bruins : 1.
15:34 of 3rd period - Ryan Kesler wins face-off versus Elias Lindholm in neutral zone.
15:38 of 3rd period - Minor Penalty to Tom Wilson for Roughing.
15:39 of 3rd period - Phillip Danault wins face-off versus Sean Monahan in Ducks zone.
16:05 of 3rd period - Alexander Edler is hit by Brady Tkachuk and loses puck.
17:38 of 3rd period - Penalty to Tom Wilson is over, Tom Wilson is back on ice.
17:44 of 3rd period - Jean-Gabriel Pageau is hit by Cam Fowler and loses puck.
Goals for this period are 1 for Ducks vs 0 for Bruins.
Shots for this period are 10 for Ducks vs 11 for Bruins.